Map: Winter's Gate LE

Players

Nowado - Winner!

  • Race: Protoss Protoss
  • League: Master
  • Spawn Location: 11:00

Mez

  • Race: Terran Terran
  • League: Master
  • Spawn Location: 5:00

VOD

Have the link to the VOD?

Description

Time

  • Played on: Sept. 5, 2019, 11:34 a.m.
  • Length: 32:52
Show
View Real Time Build Order
Export as new Build Order

Nowado Protoss - Winner!

Build Orders: Nexus First, Colossus Rush 

Get SALT Encoding   

  12  0:00  Probe  
  13  0:13  Probe  
  14  0:22  Pylon  
  14  0:26  Probe  
  15  0:36  Probe  
  16  0:44  Probe  
  17  0:54  Probe  
  18  1:02  Nexus  
  18  1:10  Probe  
  18  1:11  Gateway  
  19  1:18  Probe  
  19  1:24  Assimilator  
  20  1:28  Probe, Assimilator  
  21  1:35  Pylon  
  21  1:44  Probe  
  22  1:56  Probe  
  22  1:59  Cybernetics Core  
  22  2:00  Zealot  
  25  2:08  Probe  
  25  2:10  Probe  
  27  2:18  Probe  
  27  2:21  Probe  
  28  2:28  Probe  
  29  2:30  Adept  
  29  2:33  Probe  
  30  2:40  Warp Gate  
  31  2:44  Robotics Facility  
  31  2:46  Probe x2  
  32  2:58  Probe x2  
  32  3:10  Probe, Stalker  
  35  3:13  Probe  
  36  3:20  Probe  
  36  3:22  Probe  
  36  3:25  Assimilator  
  38  3:27  Assimilator  
  38  3:28  Probe  
  38  3:30  Probe  
  38  3:31  Observer  
  39  3:36  Probe  
  39  3:39  Probe  
  39  3:40  Pylon  
  42  3:48  Probe  
  42  3:52  Probe  
  42  3:53  Observer  
  45  3:58  Robotics Bay  
  45  4:00  Probe  
  46  4:04  Probe  
  47  4:11  Observer  
  47  4:12  Probe  
  47  4:15  Pylon  
  47  4:16  Probe  
  50  4:25  Probe  
  50  4:26  Observer  
  50  4:28  Probe  
  50  4:30  Twilight Council  
  52  4:32  Forge  
  52  4:34  Pylon  
  52  4:35  Stalker  
  52  4:37  Probe  
  56  4:39  Colossus  
  56  4:40  Probe  
  57  4:49  Probe  
  64  4:55  Pylon  
  64  5:01  Protoss Ground Armor Level 1  
  64  5:03  Probe x2  
  64  5:04  Blink, Extended Thermal Lance  
  65  5:22  Observer  
  65  5:23  Colossus  
  65  5:32  Observer  
  71  5:37  Nexus  
  71  5:38  Pylon  
  71  5:39  Probe x2  
  73  5:51  Probe x2  
  75  6:03  Probe x2  
  77  6:09  Stalker  
  78  6:13  Observer, Gateway  
  78  6:15  Probe  
  78  6:16  Gateway, Probe  
  81  6:23  Gateway  
  81  6:26  Gateway  
  81  6:36  Gateway  
  81  6:37  Gateway  
  81  6:41  Gateway  
  81  6:44  Gravitic Drive  
  81  6:48  Colossus  
  87  6:59  Templar Archives  
  87  7:03  Pylon  
  87  7:04  Protoss Ground Weapons Level 1  
  87  7:07  Forge  
  87  7:29  Probe x2  
  87  7:33  Probe  
  87  7:36  Assimilator  
  88  7:39  Protoss Ground Armor Level 2, Pylon, Stalker x3  
  88  7:40  Assimilator, Stalker x4  
  88  7:41  Gravitic Boosters, Pylon, Probe x2, Stalker  
  88  7:43  Pylon  
  106  7:45  Probe  
  106  7:46  Pylon  
  106  7:50  Psionic Storm  
  107  7:56  Charge  
  110  8:05  Zealot x4  
  113  8:12  High Templar  
  115  8:15  Zealot x3  
  120  8:20  Pylon  
  120  8:21  Pylon  
  106  8:40  Assimilator  
  96  8:42  Probe x3  
  96  8:46  Pylon  
  99  8:48  High Templar x2  
  99  8:49  Zealot x2  
  99  8:50  Zealot x3  
  113  8:57  Warp Prism  
  115  9:22  High Templar x4  
  115  9:23  High Templar  
  125  9:25  Zealot x3  
  125  9:29  Observer  
  123  9:48  Zealot x2  
  125  10:09  Nexus  
  125  10:12  Pylon  
  125  10:14  Pylon, High Templar x3  
  119  10:18  Pylon  
  119  10:21  Assimilator  
  125  10:22  Protoss Ground Armor Level 3  
  125  10:23  Zealot x2  
  126  10:30  Zealot x3  
  126  10:31  Protoss Ground Weapons Level 2  
  128  10:39  Dark Shrine  
  128  10:40  Observer  
  128  10:41  Stargate  
  128  10:47  Zealot x5  
  138  11:03  Probe  
  139  11:04  Probe x2  
  141  11:15  Probe  
  142  11:20  Oracle  
  142  11:24  Assimilator  
  142  11:27  Photon Cannon  
  142  11:30  Photon Cannon  
  142  11:32  Photon Cannon  
  145  11:35  Shield Battery  
  145  11:37  Stargate  
  145  11:38  Shield Battery  
  145  11:39  Stargate  
  145  11:41  Stargate  
  145  11:43  Fleet Beacon  
  143  11:52  Zealot x5  
  143  11:53  Zealot x2  
  148  12:14  Stalker x8  
  164  12:21  Colossus  
  142  12:41  Protoss Air Weapons Level 1  
  130  12:47  Protoss Ground Weapons Level 3  
  126  12:54  Robotics Facility  
  126  12:56  Robotics Facility  
  124  12:59  Tempest x3  
  124  13:00  Tempest  
  144  13:09  Colossus  
  144  13:12  Zealot x3  
  148  13:15  Zealot x5  
  164  13:23  Shadow Stride  
  158  13:51  Tempest x2  
  158  13:54  Warp Prism  
  168  13:59  Protoss Shields Level 1  
  170  14:19  Tempest  
  170  14:22  Probe  
  172  14:33  Probe x3  
  172  14:36  Nexus  
  167  14:39  Pylon  
  167  14:44  Photon Cannon, Pylon, Assimilator x2  
  167  14:46  Shield Battery  
  167  14:48  Observer, Photon Cannon  
  167  14:49  Protoss Air Weapons Level 2  
  163  14:54  Zealot x2  
  163  14:57  High Templar x3  
  163  14:58  High Templar x3  
  179  15:25  Pylon  
  179  15:27  Pylon  
  179  15:29  Zealot  
  179  15:30  Zealot x3  
  187  15:41  Zealot  
  185  15:44  Observer  
  181  15:52  Photon Cannon  
  181  15:54  Photon Cannon  
  181  15:56  Shield Battery  
  177  15:58  Shield Battery  
  177  16:01  Warp Prism  
  179  16:19  Pylon  
  179  16:21  Pylon  
  179  16:22  Dark Templar  
  179  16:24  Pylon  
  181  16:28  Pylon  
  181  16:32  Dark Templar  
  181  16:35  Photon Cannon  
  181  16:37  Photon Cannon  
  181  16:40  Photon Cannon  
  181  16:45  Photon Cannon  
  181  16:48  Shield Battery  
  181  17:06  Photon Cannon  
  181  17:08  Photon Cannon  
  181  17:11  Photon Cannon  
  181  17:15  Photon Cannon  
  181  17:17  Shield Battery  
  181  17:21  Shield Battery  
  181  17:35  Robotics Facility  
  181  17:36  Gateway  
  181  17:38  Gateway  
  181  17:41  Gateway  
  181  17:44  Gateway  
  179  17:51  Pylon, Nexus  
  179  17:52  Pylon  
  179  17:54  Assimilator  
  179  17:57  Pylon, Assimilator  
  176  18:09  Zealot x8  
  180  18:30  Photon Cannon  
  180  18:33  Photon Cannon x2  
  176  18:35  Photon Cannon  
  176  18:36  Photon Cannon  
  176  18:38  Photon Cannon, Pylon  
  176  18:42  Pylon  
  176  18:43  Photon Cannon  
  176  18:44  Dark Templar x2  
  176  18:45  Photon Cannon, Dark Templar x4  
  176  18:47  Shield Battery  
  188  18:50  Shield Battery  
  188  18:52  Shield Battery  
  178  19:10  Warp Prism  
  178  19:17  Zealot x10  
  176  19:55  Dark Templar  
  178  20:45  Nexus  
  178  20:47  Pylon  
  178  20:51  Pylon  
  178  20:53  Pylon  
  178  20:56  Warp Prism  
  176  20:58  Zealot x4, Assimilator  
  176  20:59  Pylon, Zealot x8  
  180  21:34  Protoss Shields Level 2  
  168  21:48  Photon Cannon  
  168  21:50  Photon Cannon  
  168  21:53  Photon Cannon, Protoss Air Weapons Level 3  
  166  21:57  Photon Cannon  
  166  21:58  Shield Battery  
  166  22:02  Shield Battery  
  166  22:05  Shield Battery  
  166  22:06  Zealot x12  
  190  22:09  Assimilator  
  185  22:33  Observer x2  
  181  22:37  High Templar x2  
  181  22:38  Dark Templar x4  
  177  23:12  Warp Prism  
  163  23:28  Nexus  
  163  23:30  Pylon  
  163  23:31  Pylon  
  163  23:32  Pylon  
  163  23:34  Pylon  
  162  23:35  Pylon  
  162  23:36  Assimilator  
  162  23:39  Assimilator  
  158  24:06  Zealot  
  158  24:07  Zealot x11  
  162  24:56  Stalker x5  
  162  24:57  Stalker x7  
  168  25:19  Colossus x2  
  170  25:32  Probe x4  
  170  25:34  Probe  
  175  25:36  Zealot x12  
  199  25:44  Probe  
  188  26:16  Archon x2  
  188  26:17  Archon  
  174  26:25  Zealot x4  
  174  26:26  Zealot x8  
  198  26:44  Observer  
  182  27:08  Zealot, Dark Templar x2  
  181  27:17  High Templar x4  
  165  27:55  Oracle x2  
  131  28:14  Stalker x9  
  131  28:15  Stalker x3  
  149  28:33  Tempest x2  
  149  28:34  Tempest x2  
  164  28:50  High Templar x2  
  164  28:51  High Templar x3  
  172  29:04  Zealot x3  
  172  29:05  Zealot x4, Nexus  
  184  29:14  Pylon  
  184  29:16  Pylon  
  184  29:20  Assimilator  
  184  29:23  Zealot x2, Assimilator  
  188  29:36  Zealot x2  
  188  29:37  Zealot x4  
  170  30:02  Archon x2  
  170  30:06  Stalker x6  
  164  30:07  High Templar x2  
  164  30:08  High Templar  
  164  30:14  Zealot x3  
  168  30:19  Photon Cannon  
  168  30:21  Photon Cannon  
  168  30:23  Photon Cannon  
  168  30:24  Shield Battery  
  168  30:27  Shield Battery  
  168  30:32  Pylon  
  160  31:04  Zealot x3  
  160  31:05  Zealot x9  
  184  31:24  Nexus  
  176  31:38  Zealot x2  
  176  31:39  Dark Templar  
  170  31:59  Zealot x2, Dark Templar x2  
  159  32:47  Nexus  
  159  32:49  Pylon  
  159  32:51  Pylon  
Show
View Real Time Build Order
Export as new Build Order

Mez Terran 

Build Orders: Reaper Expand 

Get SALT Encoding   

  12  0:00  SCV  
  13  0:12  SCV  
  14  0:17  Supply Depot  
  14  0:24  SCV  
  15  0:38  SCV  
  15  0:39  Barracks  
  16  0:44  Refinery  
  16  0:50  SCV  
  17  1:02  SCV  
  18  1:14  SCV  
  19  1:27  Orbital Command, Reaper  
  20  1:39  Command Center  
  20  1:50  Bunker  
  20  1:53  SCV  
  21  1:57  Supply Depot  
  21  2:00  Marine  
  22  2:05  SCV  
  23  2:19  SCV  
  23  2:20  Barracks Reactor  
  24  2:40  SCV  
  24  2:43  Factory, Command Center  
  25  2:55  SCV  
  25  2:57  Marine x2  
  28  3:08  Orbital Command, SCV  
  28  3:11  Refinery  
  29  3:16  Marine  
  29  3:17  Marine  
  31  3:20  SCV  
  32  3:31  Widow Mine  
  32  3:32  SCV  
  32  3:33  Starport  
  35  3:35  SCV  
  35  3:37  Marine x2  
  38  3:45  SCV  
  38  3:47  SCV  
  40  3:53  Widow Mine  
  42  3:56  Orbital Command  
  42  3:57  Refinery, SCV  
  42  3:59  SCV  
  44  4:07  Marine  
  44  4:08  Marine  
  44  4:09  SCV  
  47  4:13  Starport Tech Lab  
  47  4:14  Factory Tech Lab  
  47  4:17  Barracks  
  47  4:19  SCV  
  47  4:21  SCV  
  49  4:25  SCV  
  49  4:27  Barracks  
  49  4:30  Supply Depot  
  49  4:31  SCV  
  51  4:34  SCV  
  51  4:37  SCV  
  53  4:39  Siege Tank  
  53  4:40  Marine  
  53  4:41  Marine  
  53  4:43  SCV  
  53  4:45  Raven  
  61  4:52  SCV x2  
  63  4:55  SCV  
  63  4:58  Supply Depot  
  63  4:59  Refinery  
  64  5:01  Marine x2  
  64  5:04  SCV x2  
  68  5:08  SCV  
  69  5:19  Factory Reactor, SCV x2  
  69  5:20  SCV  
  72  5:29  Engineering Bay  
  72  5:31  Stimpack, Barracks, SCV  
  72  5:34  SCV x2  
  75  5:36  Starport Reactor  
  75  5:42  Marauder, Marine  
  77  5:47  Barracks  
  77  5:48  Supply Depot, Marine  
  77  5:49  Marauder, SCV x2, Engineering Bay, Supply Depot  
  82  5:57  SCV  
  83  5:59  Marine  
  83  6:01  SCV  
  83  6:03  Orbital Command  
  85  6:10  Marauder, Marine  
  88  6:13  Widow Mine, Supply Depot  
  88  6:14  Widow Mine, Medivac x2  
  88  6:16  Supply Depot  
  96  6:19  Marauder, Marine  
  99  6:27  Terran Infantry Armor Level 1, Marine, Terran Infantry Weapons Level 1  
  99  6:28  SCV  
  99  6:30  Refinery  
  101  6:35  Marauder, Refinery, SCV x2  
  101  6:37  Barracks Reactor  
  105  6:42  Supply Depot  
  105  6:46  Medivac  
  105  6:47  Medivac  
  109  6:52  Starport  
  109  6:55  SCV x2  
  109  6:56  Supply Depot  
  109  6:57  SCV  
  112  7:04  Marauder x2  
  112  7:05  Barracks Tech Lab  
  112  7:06  Marine x2  
  112  7:07  SCV x2  
  120  7:09  SCV  
  120  7:13  Supply Depot  
  121  7:19  SCV x2  
  122  7:26  Marauder  
  124  7:30  Supply Depot  
  124  7:35  Marauder x2, Marine x4  
  132  7:38  Viking x2  
  132  7:40  Viking x2  
  132  7:44  SCV  
  141  7:48  Supply Depot  
  141  7:50  Supply Depot  
  141  7:52  Marauder, SCV x2  
  141  7:53  Marine  
  141  7:56  Armory  
  146  8:10  Marauder x2, Marine x3  
  146  8:11  Viking x3  
  159  8:20  Supply Depot  
  159  8:21  Supply Depot  
  156  8:28  Marine  
  156  8:29  Marauder, Marine  
  156  8:31  Marauder  
  153  8:39  Viking  
  153  8:40  Ghost Academy  
  144  8:46  Marauder, Marine x2  
  144  8:48  Viking x3  
  154  8:57  Terran Infantry Armor Level 2, Terran Infantry Weapons Level 2  
  154  9:04  Command Center  
  154  9:13  Viking  
  154  9:14  Enhanced Shockwaves  
  156  9:18  Viking  
  156  9:19  Supply Depot  
  156  9:20  Terran Ship Weapons Level 1  
  156  9:21  Supply Depot  
  154  9:45  Marine x2  
  140  9:59  Marauder x2, Unknown x3  
  141  10:02  Bunker  
  141  10:06  SCV x3  
  139  10:08  Viking x4  
  145  10:18  SCV x2  
  146  10:30  Marauder x3  
  150  10:38  Viking x2  
  150  10:41  Marine x2  
  154  10:50  Starport, Fusion Core  
  154  10:51  Marauder  
  154  10:52  Barracks  
  154  10:53  Barracks  
  154  10:54  Barracks  
  156  10:58  Liberator, Missile Turret  
  156  10:59  Liberator  
  156  11:00  Sensor Tower  
  156  11:03  Sensor Tower  
  156  11:06  Missile Turret  
  156  11:07  Missile Turret  
  156  11:09  Missile Turret  
  156  11:10  Planetary Fortress  
  162  11:22  Marauder, Marine x2  
  166  11:28  Refinery, SCV  
  166  11:29  Refinery  
  167  11:39  Marauder x2, Marine x2  
  173  11:40  Barracks Tech Lab  
  173  11:44  Marauder  
  144  12:14  Marauder x2, Marine  
  144  12:15  Marauder x2, Marine x3  
  106  12:24  Marine x2  
  92  12:31  Orbital Command  
  92  12:32  Marine  
  92  12:36  Marauder x2  
  92  12:37  Orbital Command  
  92  12:41  Marine  
  92  12:42  Marine x6  
  97  12:50  Marine  
  99  13:00  SCV x3  
  102  13:06  Concussive Shells  
  102  13:09  Combat Shield  
  102  13:12  SCV x3  
  105  13:13  SCV  
  106  13:25  Unknown x2  
  106  13:28  SCV x4  
  110  13:40  SCV x4  
  114  13:46  Medivac x3  
  120  13:50  Liberator  
  120  13:52  SCV x2  
  120  13:53  SCV x2  
  124  13:59  Liberator  
  124  14:04  SCV  
  124  14:05  SCV  
  132  14:10  Starport Tech Lab  
  132  14:15  Refinery, SCV x2  
  132  14:16  Refinery, SCV  
  132  14:17  SCV  
  136  14:21  Liberator x2  
  136  14:25  Bunker  
  136  14:35  Sensor Tower  
  136  14:39  Bunker  
  142  14:48  Barracks Tech Lab x2  
  146  15:04  SCV x4  
  146  15:06  Refinery  
  150  15:12  Liberator x3  
  152  15:14  Marine x2  
  158  15:26  Unknown x2  
  158  15:27  Unknown  
  158  15:31  SCV  
  158  15:32  SCV x3  
  171  15:42  Unknown x2  
  169  15:43  Unknown  
  169  15:44  SCV x2  
  171  15:57  Marine x5  
  182  16:16  Sensor Tower  
  182  16:20  Supply Depot  
  182  16:22  Terran Infantry Weapons Level 3  
  182  16:27  Supply Depot  
  182  16:28  Unknown x3  
  182  16:47  Command Center  
  182  16:50  Terran Infantry Armor Level 3  
  182  16:52  Personal Cloaking, Command Center  
  182  16:53  Command Center  
  182  16:59  Ghost Academy x2  
  182  17:11  Liberator x5  
  182  17:20  Sensor Tower  
  197  17:45  Command Center  
  189  18:20  Orbital Command  
  189  18:31  Orbital Command  
  189  18:36  Missile Turret x2  
  189  18:42  Missile Turret  
  189  18:43  Missile Turret  
  189  18:53  Command Center  
  184  18:55  Refinery  
  184  18:59  Hi-Sec Auto Tracking  
  184  19:02  Refinery  
  182  19:08  Nuke x2  
  179  19:27  Neosteel Armor  
  178  19:35  Missile Turret  
  178  19:36  Viking x5  
  185  19:59  Command Center  
  185  20:06  Viking x2  
  189  20:17  Viking x2  
  193  20:45  Planetary Fortress  
  192  21:22  Missile Turret  
  192  21:23  Missile Turret  
  187  21:31  Refinery, Missile Turret  
  187  21:33  Missile Turret  
  187  21:35  Missile Turret  
  187  21:38  Orbital Command  
  185  21:52  Viking x5  
  195  21:59  Refinery  
  195  22:18  Command Center  
  195  22:26  Sensor Tower  
  195  22:28  Viking x2  
  195  22:47  Viking x2  
  187  22:53  Armory  
  187  22:54  Armory  
  185  23:14  Missile Turret  
  185  23:16  Missile Turret  
  185  23:20  Missile Turret  
  185  23:31  Viking x2  
  185  23:32  Sensor Tower  
  183  23:53  Planetary Fortress  
  183  24:09  Orbital Command  
  173  25:03  Viking, Command Center  
  158  25:31  Nuke, Liberator, Unknown  
  158  25:32  Liberator x4  
  173  25:53  Refinery  
  171  26:23  Nuke  
  171  26:41  Liberator x5  
  168  26:49  Refinery  
  168  26:50  Refinery  
  173  27:24  Liberator x3  
  161  27:38  Planetary Fortress  
  164  27:54  Viking x2  
  133  28:12  Marauder x2  
  126  28:13  Marine x2  
  123  28:41  Unknown x4  
  123  28:50  SCV x5  
  128  29:02  SCV  
  129  29:15  Liberator x2  
  115  30:00  Unknown x3  
  101  30:30  Orbital Command  
  101  30:33  Viking x5  
  111  30:56  Planetary Fortress  
  111  31:02  Viking  
  88  32:07  Missile Turret  
Tags
 
Add a new tag
Caveats
  • Supply blocks, unpowered buildings, or Contaminate may cause inaccurate times.
  • Supply counts are checked every 10 seconds.